 Dungeon Crawl Stone Soup version 0.32-a0-791-gfc315c9ecd (webtiles) character file.

Game seed: 14554163775433131465

606 smokerry the Changeling (level 6, -2/50 HPs)
             Began as a Demigod Shapeshifter on Mar 20, 2024.
             Slain by a gnoll
             ... wielding a +0 club
              (6 damage)
             ... on level 6 of the Dungeon.
             The game lasted 00:21:54 (2137 turns).

smokerry the Changeling (Demigod Shapeshifter)      Turns: 2137, Time: 00:21:54

Health: -2/50      AC:  9    Str: 23    XL:     6   Next: 98%
Magic:  8/8        EV:  8    Int: 12    God:
Gold:   215        SH:  5    Dex: 13    Spells: 5/5 levels left

rFire   . . .        z - +0 morningstar
rCold   . . .        (no shield)
rNeg    . . .        u - +1 chain mail
rPois   +            (helmet currently unavailable)
rElec   .            (cloak currently unavailable)
rCorr   .            (gloves currently unavailable)
SInv    +            (boots currently unavailable)
Will    .....        f - amulet of reflection Stlth
                     n - ring of poison resistance
HPRegen 0.28/turn    y - ring of flight
MPRegen 0.11/turn

%: reflection
@: beast-form, flying
A: beast (slay +2), high MP 1, forlorn, divine attributes
a: Begin Untransformation


You were on level 6 of the Dungeon.
You were a hulking beast.
You visited 1 branch of the dungeon, and saw 4 of its levels.

You collected 215 gold pieces.

Inventory:

Hand Weapons
 e - a +0 club
 h - a +0 war axe
 m - a +0 spear
 x - a +0 long sword
 z - a +0 morningstar (weapon)
 A - a +1 scimitar of draining
 D - a +0 shortbow
Armour
 a - a +0 animal skin
 g - a +0 cloak
 j - a +0 ring mail
 l - a +0 pair of gloves
 u - a +1 chain mail (worn)
 B - a +1 pair of gloves
Magical Staves
 b - a staff of earth
Jewellery
 f - an amulet of reflection (around neck)
 n - a ring of poison resistance (left hand)
 y - a ring of flight (right hand)
Talismans
 c - a beast talisman (active)
 d - a flux talisman
 C - a serpent talisman
Scrolls
 i - 2 scrolls of fog {unknown}
 k - 2 scrolls of enchant armour
 p - 2 scrolls of enchant weapon {unknown}
 r - 3 scrolls of noise {unknown}
 s - 3 scrolls of identify {unknown}
Potions
 o - a potion of cancellation {unknown}
 q - a potion of attraction
 t - 3 potions of haste {unknown}
 v - a potion of mutation {unknown}


   Skills:
 + Level 2.8 Fighting
 + Level 1.9 Long Blades
 + Level 3.6 Axes
 + Level 0.1(2.1) Maces & Flails
 + Level 0.1(0.2) Staves
 + Level 1.6 Armour
 + Level 2.6 Dodging
 + Level 0.5 Stealth
 + Level 1.0 Shields
 + Level 3.0 Unarmed Combat
 + Level 3.7 Shapeshifting


You had 5 spell levels left.
You didn't know any spells.
Your spell library was empty.

Dungeon Overview and Level Annotations

Branches:
Dungeon (6/15)
 Temple: D:4-7


Innate Abilities, Weirdness & Mutations

You are a hulking beast.
Your limbs bulge with bestial killing power. (Slay +2)
You have an increased reservoir of magic. (+10% MP)
You shall have no god before yourself.
Your divine heritage dramatically boosts your attributes as you level up.


Message History

There is an open door here.
There is a stone staircase leading down here.
There is an open door here.
Found a stone staircase leading down.
A gnoll comes into view. It is wielding a +0 spear.
The gnoll shouts!
A gnoll comes into view. It is wielding a +0 club.
A gnoll comes into view. It is wielding a +0 spear.
The gnoll shouts!
The gnoll barely misses you.
You closely miss the gnoll. The gnoll hits you with a +0 spear.
You hit the gnoll.
The gnoll is heavily wounded.
You block the gnoll's attack. The gnoll closely misses you.
The gnoll hits you with a +0 spear!
You barely miss the gnoll.
The gnoll is heavily wounded.
The gnoll hits you from afar with a +0 spear.
You block the gnoll's attack. The gnoll closely misses you.
The gnoll hits you but does no damage. x2; The gnoll hits you with a +0 spear.
You closely miss the gnoll.
The gnoll is heavily wounded.
The gnoll hits you but does no damage. x2; The gnoll hits you with a +0 spear.
You thump the gnoll!
You kill the gnoll!
The gnoll hits you from afar with a +0 spear.
The gnoll hits you with a +0 club.
The gnoll hits you from afar with a +0 spear.
The gnoll hits you with a +0 club!
* * * LOW HITPOINT WARNING * * *
As you read the scroll labelled QARPHEU VIUREN, it crumbles to dust.
It is a scroll of enchant armour.
Your +0 chain mail glows green for a moment.
The gnoll hits you from afar with a +0 spear.
* * * LOW HITPOINT WARNING * * *
The gnoll closely misses you.
As you read the scroll labelled LABAIGY FAET, it crumbles to dust.
You feel aware of your surroundings.
It was a scroll of revelation.
The gnoll completely misses you. The gnoll hits you with a +0 club.
You die...

........#########...#
....................####
.............#..##..####
.....####....#..########
.....# #....###########
.....# #........#######
.....####...>....#######
.........####....#######
.........#..#...h....###
.........#..#..g)....###
.........#.......g...###
.........#...####....###
.....#######.####....###
.....# ########....###
.....# ########....###
.....# ########....###
.....# *,,,,*


You could see 2 gnolls.

Vanquished Creatures
  Menkaure (D:6)
  A water moccasin (D:6)
  A centaur (D:6)
  A phantom (D:3)
  Blork the orc (D:6)
  A jelly (D:3)
  A gnoll (D:6)
  7 adders
  3 dart slugs
  4 ball pythons
  An endoplasm (D:2)
  2 giant cockroaches (D:3)
  2 goblins (D:1)
  5 hobgoblins
  8 jackals
  5 quokkas
  7 bats
  A frilled lizard (D:1)
  A kobold (D:3)
  A rat (D:2)
54 creatures vanquished.

Notes
Turn   | Place    | Note
-------+----------+-------------------------------------------
     0 | D:1      | smokerry the Demigod Shapeshifter began the quest for the
                  | Orb.
     0 | D:1      | Reached XP level 1. HP: 15/15 MP: 3/3
   112 | D:1      | Reached XP level 2. HP: 12/22 MP: 4/4
   554 | D:2      | Reached XP level 3. HP: 13/27 MP: 5/5
   646 | D:2      | Reached skill level 1 in Fighting
   890 | D:3      | Reached skill level 1 in Axes
   890 | D:3      | Reached XP level 4. HP: 23/35 MP: 6/6
   955 | D:3      | Noticed a phantom
   968 | D:3      | Killed a phantom
  1060 | D:3      | Reached XP level 5. HP: 41/41 MP: 7/7
  1194 | D:3      | You are sucked into a shaft and drop 3 floors!
  1295 | D:6      | Noticed a water moccasin
  1305 | D:6      | Killed a water moccasin
  1306 | D:6      | Reached skill level 1 in Armour
  1306 | D:6      | Reached XP level 6. HP: 22/50 MP: 8/8
  1312 | D:6      | Noticed Menkaure
  1326 | D:6      | Killed Menkaure
  1327 | D:6      | Reached skill level 1 in Long Blades
  1422 | D:6      | Noticed Blork the orc
  1430 | D:6      | Killed Blork the orc
  2025 | D:6      | Reached skill level 1 in Shields
  2137 | D:6      | Slain by a gnoll

Illustrated notes

Levels and vault maps discovered:
D:1:      sevenhm_arrival_forest_fort_small_4, layout_loops_cross
D:2:      layout_basic, chequers_ecumenical_altar_simple_redux
D:3:      layout_rooms, nicolae_ru_great_annihilating_truth,
          nicolae_houndstooth_variations
D:6:      layout_gridville, lemuel_tele_altar, zin_statuary,
          mainiacjoe_overflow_divided_tiny, uniq_blork_the_orc, uniq_menkaure

Skill      XL: |  1  2  3  4  5  6 |
---------------+-------------------+-----
Shapeshifting  | 3 |  3.7
Unarmed Combat | 3 |  3.0
Fighting       | 1 2 |  2.8
Dodging        | 2 |  2.6
Axes           | 1 2 3 |  3.6
Armour         | 1 |  1.6
Long Blades    | 1 |  1.9
Shields        | 1 |  1.0
Maces & Flails | |  0.1
Staves         | |  0.1
Stealth        | |  0.5

Action                     |  1- 3 |  4- 6 || total
---------------------------+-------+-------++-------
  Melee: Unarmed           |    15 |       ||    15
         Club              |    16 |       ||    16
         Staff             |    27 |       ||    27
         War axe           |    53 |    40 ||    93
         Scimitar          |       |    19 ||    19
         Morningstar       |       |    12 ||    12
    Use: Scroll            |     2 |     2 ||     4
         Potion            |     1 |     4 ||     5
   Stab: Paralysed         |       |     1 ||     1
 Armour: Animal skin       |    47 |       ||    47
         Skin              |     6 |       ||     6
         Ring mail         |    46 |       ||    46
         Chain mail        |       |    86 ||    86
  Dodge: Dodged            |    77 |    44 ||   121
  Block: Other             |    29 |    21 ||    50
         Form:             |       |     1 ||     1
         Serpent           |       |     1 ||     1
         Beast             |       |     1 ||     1

Table legend: (Time is in decaauts)
 A = Elapsed time spent in this place.
 B = Non-inter-level travel time spent in this place.
 C = Inter-level travel time spent in this place.
 D = Time resting spent in this place.
 E = Time spent auto-exploring this place.
 F = Levels seen in this place.
 G = Mean time per level.
                   A        B        C        D        E       F      G
               +--------+--------+--------+--------+--------+-----+--------+
         Total |   2200 |    649 |   1551 |      0 |     22 |   4 |  550.0 |
       Dungeon |   2200 |    649 |   1551 |      0 |     22 |   4 |  550.0 |
               +--------+--------+--------+--------+--------+-----+--------+

Top non-repeatable levels by time:
     D:6: 953 daAuts
     D:2: 562 daAuts
     D:1: 346 daAuts
     D:3: 337 daAuts
